 Dungeon Crawl Stone Soup version 0.29.0-7-g18a832c13a (webtiles) character file.

Game seed: 5625874361847049228

224 sanka the Stinger (level 5, -7/40 HPs)
             Began as a Palentonga Venom Mage on Aug 31, 2022.
             Was a Priest of Jiyva.
             Mangled by Edmund
             ... wielding a +4 dire flail of protection
              (15 damage)
             ... on level 5 of the Dungeon.
             The game lasted 00:05:26 (3569 turns).

sanka the Stinger (Palentonga Venom Mage)           Turns: 3569, Time: 00:05:29

Health: -7/40      AC:  4    Str: 13    XL:     5   Next: 67%
Magic:  8/8        EV: 13    Int: 17    God:    Jiyva [***...]
Gold:   261        SH:  0    Dex: 11    Spells: 5/8 levels left

rFire   . . .      SeeInvis +     - Unarmed
rCold   . . .      Faith    .   (no shield)
rNeg    . . .      Spirit   .   a - +0 robe
rPois   .          Reflect  .   (no helmet)
rElec   .          Harm     .   (no cloak)
rCorr   +          Rampage  .   (no gloves)
Will    .....                   (no barding)
Stlth   ++........              (no amulet)
HPRegen 1.25/turn               (no ring)
MPRegen 0.46/turn               f - +4 ring of evasion

@: no status effects
A: large, rugged brown scales 3, see invisible, deformed body, roll 1, armoured
tail
a: Rolling Charge, Renounce Religion, Oozemancy


You were on level 5 of the Dungeon.
You worshipped Jiyva.
Jiyva was most pleased with you.
You visited 1 branch of the dungeon, and saw 5 of its levels.

You collected 261 gold pieces.


Innate Abilities, Weirdness & Mutations

You are completely covered in rugged brown scales. (AC +3, +7% HP)
You have supernaturally acute eyesight. (SInv)
Armour fits poorly on your strangely shaped body.
You can roll at nearby foes to attack.
You have a long armoured tail.


   Skills:
 + Level 2.2 Fighting
 - Level 1.5 Dodging
 - Level 1.2 Stealth
 + Level 2.2 Unarmed Combat
 - Level 2.0 Spellcasting
 - Level 1.0 Transmutations
 - Level 3.0 Air Magic
 - Level 3.0 Poison Magic


You had 5 spell levels left.
You knew the following spells:

 Your Spells              Type           Power      Damage    Failure   Level
y - Poisonous Vapours     Pois/Air       22%        N/A       9%          2
z - Sting                 Tmut/Pois      32%        1d4       9%          1

Your spell library contained the following spells:

 Spells                   Type           Power      Damage    Failure   Level
 Mephitic Cloud           Conj/Pois/Air  8%         N/A       26%         3
 Olgreb's Toxic Radiance  Pois           11%        N/A       50%         4

Inventory:

Armour
 a - a +0 robe (worn)
Jewellery
 f - a +4 ring of evasion (right hand)
 l - a ring of flight
Wands
 g - a wand of acid (8)
Scrolls
 c - a scroll of poison {unknown}
 h - 2 scrolls of teleportation {unknown}
 j - 2 scrolls of identify {unknown}
 k - a scroll of butterflies {unknown}
 m - a scroll of magic mapping {unknown}
Potions
 b - 2 potions of magic
 d - 2 potions of might {unknown}
 e - 2 potions of curing {@q1}
 i - a potion of brilliance {unknown}
 n - a potion of ambrosia {unknown}

Dungeon Overview and Level Annotations

Branches:
Dungeon (5/15)             Temple (0/1) D:4

Altars:
Elyvilon
Hepliaklqana
Jiyva

Shops:
D:1 (

Annotations:
D:5 Edmund

.... ... ▒▒ .. ....▒▒▒▒▒▒£
▒......▒.
▒▒▒▒▒▒▒▒▒▒▒▒▒▒.... .
▒....D.....JD....▒
....▒▒▒▒▒▒D▒▒▒▒▒▒▒▒▒▒...▒▒▒
.........@H▒ ▒..▒▒▒
...▒▒▒▒▒▒▒▒▒ ▒▒▒.▒▒
▒▒▒▒▒▒...▒ ▒▒▒......▒▒▒ ▒
▒...▒▒▒▒▒▒ ▒▒. ▒▒▒>▒▒▒ ▒..
▒▒▒...▒ ▒.▒
▒▒▒▒▒▒▒...▒▒▒▒▒▒▒▒▒▒▒▒ ▒.▒
........▒▒.....<.....▒ ▒.▒


You could see Edmund and a steam dragon (poisoned).


Message History

You are engulfed in a cloud of scalding steam.
The steam dragon bites you. The steam dragon completely misses you.
The steam dragon misses you.
The steam dragon claws you but does no damage.
You closely miss the steam dragon.
The steam dragon is almost dead.
You completely miss the steam dragon.
Your tail-slap misses the steam dragon.
The steam dragon is almost dead.
The steam dragon barely misses you.
The steam dragon claws you but does no damage.
Unknown command.
You barely miss the steam dragon.
The steam dragon is almost dead.
Edmund hits you with a +4 dire flail of protection!
The steam dragon breathes steam at you. The ball of steam hits you!!
Ouch! That really hurt!
* * * LOW HITPOINT WARNING * * *
Unknown command.
It was a potion of curing.
You are engulfed in a cloud of scalding steam.
* * * LOW HITPOINT WARNING * * *
The steam dragon completely misses you. The steam dragon claws you.
* * * LOW HITPOINT WARNING * * *
Edmund is engulfed in a cloud of scalding steam.
Edmund hits you with a +4 dire flail of protection!
You die...

Action                   |  1- 3 |  4- 6 || total
-------------------------+-------+-------++-------
Melee: Unarmed           |    85 |     9 ||    94
       Tailslap          |     8 |       ||     8
 Cast: Sting             |    62 |    54 ||   116
       Poisonous Vapours |       |     6 ||     6
  Use: Potion            |       |     1 ||     1
 Stab: Sleeping          |     1 |       ||     1
Armor: Robe              |    33 |    10 ||    43
Dodge: Dodged            |    66 |    34 ||   100

Levels and vault maps discovered:
D:1:      ncdulo_lavacross, layout_loops_ring, serial_shops, shop,
          patterned_corridor
D:2:      layout_rooms, hellmonk_ecumenical_altar_lost_god, chequers_avenue
D:3:      layout_basic, amcnicky_altar_gilded, kennysheep_donut, eino_curves_03,
          st_stairs_4, minmay_misc_feat_room, uniq_jessica
D:4:      layout_basic, mainiacjoe_overflow_chevrons,
          minmay_temple_entry_nine_rooms, lightli_corner_chamber
D:5:      layout_rooms, uniq_edmund

Notes
Turn   | Place    | Note
-------+----------+-------------------------------------------
     0 | D:1      | sanka the Palentonga Venom Mage began the quest for the
                  | Orb.
     0 | D:1      | Reached XP level 1. HP: 13/13 MP: 3/3
   458 | D:1      | Reached skill level 3 in Poison Magic
   458 | D:1      | Reached XP level 2. HP: 18/20 MP: 3/5
   492 | D:1      | Found Feck's Antique Weapon Boutique.
   533 | D:1      | HP: 2/20 [giant cockroach (1)]
  1080 | D:1      | Reached skill level 1 in Air Magic
  1254 | D:1      | Learned a level 2 spell: Poisonous Vapours
  1555 | D:1      | Reached XP level 3. HP: 25/25 MP: 4/6
  1758 | D:2      | Found a faded altar of an unknown god.
  1773 | D:2      | Prayed at the altar of an unknown god.
  1773 | D:2      | Became a worshipper of Jiyva Juschoar the Shapeless
  1773 | D:2      | Reached * piety under Jiyva
  1966 | D:3      | Reached skill level 2 in Air Magic
  2078 | D:3      | Noticed Jessica
  2085 | D:3      | Killed Jessica
  2086 | D:3      | Reached XP level 4. HP: 30/32 MP: 3/7
  2242 | D:3      | Reached ** piety under Jiyva
  2315 | D:3      | Reached skill level 3 in Air Magic
  2428 | D:3      | Found a hazy altar of Hepliaklqana.
  2942 | D:4      | Killed a scorpion
  3047 | D:4      | Reached *** piety under Jiyva
  3073 | D:4      | Found a staircase to the Ecumenical Temple.
  3160 | D:4      | Noticed a wyvern
  3232 | D:4      | Found a white marble altar of Elyvilon.
  3413 | D:4      | cage
  3428 | D:5      | Entered Level 5 of the Dungeon
  3464 | D:5      | Noticed an ogre
  3497 | D:5      | Killed an ogre
  3498 | D:5      | Reached skill level 2 in Fighting
  3498 | D:5      | Reached skill level 2 in Unarmed Combat
  3498 | D:5      | Reached XP level 5. HP: 40/40 MP: 8/8
  3538 | D:5      | Noticed a steam dragon
  3559 | D:5      | Noticed Edmund
  3569 | D:5      | Mangled by Edmund

Vanquished Creatures
  An ogre (D:5)
  Jessica (D:3)
  3 adders (D:3)
  2 worms (D:3)
  2 dart slugs (D:2)
  An orc (D:4)
  5 bats
  3 endoplasms
  2 giant cockroaches
  8 goblins
  8 hobgoblins
  2 jackals (D:1)
  3 quokkas (D:1)
  6 ball pythons (D:1)
  7 frilled lizards
  3 kobolds
  2 rats
59 creatures vanquished.

Vanquished Creatures (others)
  A scorpion (D:4)
  2 jellies
  An iguana (D:5)
  An adder (D:5)
  7 orcs (D:5)
  A giant cockroach (D:4)
  2 hobgoblins (D:4)
15 creatures vanquished.

Grand Total: 74 creatures vanquished
